 Dungeon Crawl Stone Soup version 0.29-a0-380-gf50f0a9fbc (webtiles) character file.

Game seed: 12461635104217536094

86 holysushi the Insei (level 4, -1/30 HPs)
             Began as an Octopode Transmuter on May 6, 2022.
             Was an Initiate of Ashenzari.
             Slain by a water moccasin (9 damage)
             ... on level 3 of the Dungeon.
             The game lasted 00:03:59 (3350 turns).

holysushi the Insei (Octopode Transmuter)           Turns: 3350, Time: 00:03:59

Health: -1/30      AC:  1    Str:  9    XL:     4   Next: 49%
Magic:  7/7        EV: 13    Int: 15    God:    Ashenzari [......]
Gold:   88         SH:  0    Dex: 14    Spells: 1/7 levels left

rFire   . . .      SeeInvis .     - Unarmed
rCold   . . .      Faith    .   (no shield)
rNeg    . . .      Spirit   .   (helmet restricted)
rPois   .          Reflect  .   (no amulet)
rElec   .          Harm     .   g - ring of Ashenzari's Vision {rCorr, Cun, Self} (curse)
rCorr   +          Rampage  .   (no ring)
Will    .....                   (no ring)
Stlth   ++........              (no ring)
HPRegen 0.10/turn               (no ring)
MPRegen 0.10/turn               (no ring)
                                (no ring)
                                (no ring)

@: no status effects
A: almost no armour, amphibious, 8 rings, camouflage 1, gelatinous body 1,
(nimble swimmer 1), tentacles
a: Renounce Religion, Curse Item, Shatter the Chains


You were on level 3 of the Dungeon.
You worshipped Ashenzari.
Ashenzari was noncommittal.
You visited 1 branch of the dungeon, and saw 3 of its levels.

You collected 88 gold pieces.

Inventory:

Armour
 b - an orb of light
Jewellery
 g - the cursed ring of Ashenzari's Vision (left tentacle) {rCorr, Cun, Self}
   (You found it on level 1 of the Dungeon)

   [ring of resist corrosion]

   rCorr:     It protects you from acid and corrosion.
   It has a curse which improves the following skills: Cunning: Dodging and
   Stealth.
   Introspection: Fighting and Spellcasting.
Scrolls
 f - a scroll of vulnerability {unknown}
 j - a scroll of enchant armour {unknown}
 k - a scroll of blinking {unknown}
 m - a scroll of identify {unknown}
Potions
 a - a potion of lignification
 e - a potion of curing {unknown}
 h - a potion of degeneration {unknown}
 i - a potion of attraction {unknown}
 l - a potion of berserk rage {unknown}


   Skills:
 + Level 2.2(2.6) Fighting
 + Level 2.4(2.8) Dodging
 * Level 4.4 Unarmed Combat
 - Level 2.0(2.3) Spellcasting
 - Level 2.0 Transmutations
 + Level 0.0 Poison Magic


You had one spell level left.
You knew the following spells:

 Your Spells              Type           Power      Damage    Failure   Level
a - Beastly Appendage     Tmut           14%        N/A       10%         1
b - Wereblood             Tmut           7%         N/A       14%         2
c - Spider Form           Tmut/Pois      4%         N/A       41%         3

Your spell library contained the following spells:

 Spells                   Type           Power      Damage    Failure   Level
 Frozen Ramparts          Ice            2%         1d2       54%         3
 Ice Form                 Ice/Tmut       4%         N/A       82%         4
 Summon Ice Beast         Ice/Summ       1%         N/A       91%         4


Dungeon Overview and Level Annotations

Branches:
Dungeon (3/15)

Altars:
Ashenzari

Annotations:
D:3 exclusion: door, Grinder


Innate Abilities, Weirdness & Mutations

You cannot wear most types of armour.
You are amphibious.
You can wear up to eight rings at the same time.
Your skin changes colour to match your surroundings (Stealth+).
Your rubbery body absorbs attacks. (AC +1, EV +1)
((You are camouflaged when in or above water. (Stealth+)))
You have tentacles for arms and can constrict up to eight enemies at once.


Message History

Done waiting.
Casting: Beastly Appendage (safe; 10% risk of failure)
Confirm with . or Enter, or press ? or * to list all spells.
Okay, then.
Memorise Wereblood, consuming 2 spell levels and leaving 4?
You start memorising the spell.
You continue memorising. x2
You finish memorising.
Spell assigned to 'b'.
This spell is extremely dangerous to cast!
Memorise Spider Form, consuming 3 spell levels and leaving 1?
You start memorising the spell.
You continue memorising. x3
You finish memorising.
Spell assigned to 'c'.
Okay, then.
Unknown command.
Casting: Beastly Appendage (safe; 10% risk of failure)
Confirm with . or Enter, or press ? or * to list all spells.
Okay, then.
As you open the door, it creaks loudly!
You hear a shout!
You hear an angry hiss.
There is an open door here.
A water moccasin is nearby!
A water moccasin is nearby!
A water moccasin is nearby!
You tentacle-slap the water moccasin. You grab the water moccasin.
The water moccasin is lightly wounded.
You constrict the water moccasin. The water moccasin misses you.
The water moccasin bites you!
You tentacle-slap the water moccasin but do no damage.
You squeeze the water moccasin.
The water moccasin is moderately wounded.
You constrict the water moccasin. The water moccasin bites you!
You bludgeon the water moccasin!
You squeeze the water moccasin, but do no damage.
The water moccasin is heavily wounded.
You constrict the water moccasin. The water moccasin barely misses you.
You tentacle-slap the water moccasin.
The water moccasin is almost dead.
You constrict the water moccasin. The water moccasin bites you.
* * * LOW HITPOINT WARNING * * *
The water moccasin bites you!
You die...

#..........# ##...##.......#.#
#.###.##.#.## #.....##.....##.#
#.......<...####...####....##.###
#####.##..........K..............
#.###...#####.######......### #.#
##.## #.# #.......# # #.# ###
##'## ##.....## # #.# ##...##
##...##### #.### #.@...#
##....... #.#.## #..S....#
#..#####
#....####.........####...####
#.......+.........+.....<....
#....####.........###....####
#.#.## ##.......###.#..## #.###
##.....###.###.## ####.#####
##...###.## ##.# #........# #+#
##.###.##


You could see a water moccasin and a kobold.

Vanquished Creatures
  5 adders (D:2)
  A bat (D:1)
  2 endoplasms
  9 goblins
  5 hobgoblins (D:1)
  5 kobolds
  2 quokkas (D:1)
  4 ball pythons
  5 rats
38 creatures vanquished.

Vanquished Creatures (others)
  5 plants (D:3)
5 creatures vanquished.

Grand Total: 43 creatures vanquished

Notes
Turn   | Place    | Note
-------+----------+-------------------------------------------
     0 | D:1      | holysushi the Octopode Transmuter began the quest for the
                  | Orb.
     0 | D:1      | Reached XP level 1. HP: 13/13 MP: 3/3
   168 | D:1      | Reached XP level 2. HP: 17/18 MP: 3/5
  1157 | D:1      | Reached XP level 3. HP: 24/24 MP: 3/6
  1235 | D:1      | Found a faded altar of an unknown god.
  1243 | D:1      | Prayed at the altar of an unknown god.
  1243 | D:1      | Became a worshipper of Ashenzari the Shackled
  1307 | D:1      | You fall into a shaft and drop 1 floor!
  1698 | D:2      | Reached skill level 4 in Unarmed Combat
  2119 | D:2      | Reached XP level 4. HP: 22/30 MP: 5/7
  2911 | D:3      | Identified the +3 dagger "Buater" {vorpal, *Rage Str+2
                  | Dex+2}
  2961 | D:3      | Noticed a water moccasin
  3031 | D:3      | Noticed Grinder
  3032 | D:3      | Paralysed by Grinder for 6 turns
  3327 | D:3      | Learned a level 2 spell: Wereblood
  3331 | D:3      | Learned a level 3 spell: Spider Form
  3350 | D:3      | Slain by a water moccasin

Illustrated notes

Levels and vault maps discovered:
D:1:      wander_arrival_desolate, layout_basic,
          hellmonk_ecumenical_altar_inner_sanctum, minmay_heptomino_d4
D:2:      layout_basic, minmay_box_of_dots
D:3:      layout_loops_corners, grunt_dithmenos_smoke,
          nicolae_overflow_crystal_walls, serial_bayou_lagoon_b, uniq_terence,
          uniq_crazy_yiuf_cottage, uniq_grinder

Skill      XL: |  1  2  3 |
---------------+----------+-----
Unarmed Combat | 4 |  4.4
Fighting       | 2 |  2.2
Dodging        | |  2.4
Spellcasting   | |  2.0
Transmutations | |  2.0

Action                   |  1- 3 |  4- 6 || total
-------------------------+-------+-------++-------
Melee: Unarmed           |    65 |    14 ||    79
       Constrict         |    20 |     4 ||    24
       Kick              |    15 |     1 ||    16
       Tentacles         |    12 |     7 ||    19
       Punch             |     2 |     1 ||     3
 Cast: Beastly Appendage |    20 |     2 ||    22
Invok: Curse Item        |     1 |       ||     1
  Use: Scroll            |       |     2 ||     2
 Stab: Sleeping          |    11 |       ||    11
Armor: Skin              |     2 |     3 ||     5
Dodge: Dodged            |    32 |    12 ||    44

Table legend: (Time is in decaauts)
 A = Elapsed time spent in this place.
 B = Non-inter-level travel time spent in this place.
 C = Inter-level travel time spent in this place.
 D = Time resting spent in this place.
 E = Time spent auto-exploring this place.
 F = Levels seen in this place.
 G = Mean time per level.
                   A        B        C        D        E       F      G
               +--------+--------+--------+--------+--------+-----+--------+
         Total |   3344 |   3274 |     70 |   1173 |   1684 |   3 | 1114.7 |
       Dungeon |   3344 |   3274 |     70 |   1173 |   1684 |   3 | 1114.7 |
               +--------+--------+--------+--------+--------+-----+--------+

Top non-repeatable levels by time:
     D:1: 1419 daAuts
     D:2: 1397 daAuts
     D:3: 527 daAuts
